AoeStats
← Jan Itor

Lombardia

509215869Analyzed
4v4 RM · 7d ago on Sep 25, 2026· 58m 38s· 8 players
Game mode
Random Map
Map size
Large (8 player)
Population
200
Speed
Normal
Resources
Standard
Victory
Conquest
Starting age
Dark Age
Ending age
Imperial Age
RankedLock teamsTeams togetherTeam positionsShared explorationLock speedFull tech treeHidden civsTurbo modeCheats
Victory
Defeat
🇺🇸 Khmer · United States
1814
+10
🇩🇪 Danes · Germany
1813
+10
🇨🇳 Jurchens · China
1750
+12
🇨🇴 Persians · Colombia
1518
+22
🇲🇽 Wei · Mexico
1692
-14
🇳🇱 Mongols · Netherlands
1689
-14
🇨🇭 Japanese · Switzerland
1669
-14
🇪🇸 Danes · Spain
1622
-12
[BÜN] Mr. Grüezi
11:18 Feudal Age
12:04 Double-Bit Axe
14:53 Castle Age
12:45 Horse Collar
15:44 Bow Saw
15:49 Heavy Plow
16:34 Loom
21:17 Wheelbarrow
24:14 Stone Mining
24:17 Gold Mining
25:10 Hand Cart
25:04 Town Watch
30:10 Imperial Age
28:09 Fletching
28:50 Yasama
29:02 Bodkin Arrow
29:08 Scale Mail Armor
29:18 Forging
28:52 Treadmill Crane
29:03 Guard Tower
28:53 Pikeman
29:33 Squires
29:26 Arson
31:25 Ballistics
32:06 Chemistry
30:37 Halberdier
31:44 Conscription
31:49 Caravan
33:20 Keep
32:33 Arrowslits
32:51 Bracer
33:07 Chain Mail Armor
33:28 Iron Casting
34:07 Two-Man Saw
34:46 Masonry
34:32 Murder Holes
36:41 Kataparuto
37:58 Siege Engineers
40:08 Plate Mail Armor
40:38 Blast Furnace
veni
5:35 Loom
8:24 Feudal Age
8:56 Double-Bit Axe
12:35 Horse Collar
15:36 Wheelbarrow
14:57 Town Watch
20:06 Castle Age
22:42 Forging
23:33 Scale Barding Armor
25:35 Stone Mining
26:01 Bow Saw
29:16 Wheelbarrow
29:15 Fletching
29:51 Bodkin Arrow
29:57 Padded Archer Armor
30:48 Thumb Ring
32:16 Ballistics
32:28 Ballistics
32:24 Leather Archer Armor
34:57 Masonry
38:12 Imperial Age
Wolf Knight
12:09 Feudal Age
16:07 Castle Age
14:09 Double-Bit Axe
14:45 Horse Collar
17:01 Bow Saw
16:56 Heavy Plow
17:30 Loom
26:40 Wheelbarrow
30:29 Imperial Age
28:14 Scale Mail Armor
28:24 Forging
29:30 Hamask
30:45 Chain Mail Armor
30:40 Forging
31:30 Conscription
31:13 Squires
32:10 Elite Jomsviking
32:53 Gold Mining
32:53 Stone Mining
33:14 Pikeman
33:39 Gambesons
33:29 Cranequins
34:27 Fletching
34:51 Thumb Ring
35:15 Ballistics
35:19 Bodkin Arrow
36:01 Bracer
36:03 Padded Archer Armor
36:34 Plate Mail Armor
36:39 Iron Casting
37:28 Heavy Mounted Crossbowman
39:48 Leather Archer Armor
40:09 Iron Casting
40:37 Chemistry
39:43 Siege Engineers
39:48 Masonry
42:05 Ring Archer Armor
42:19 Halberdier
42:37 Elite Varangian Guard
43:30 Northmen's Fury
44:42 Husbandry
44:52 Bloodlines
48:08 Capped Ram
48:09 Onager
51:13 Blast Furnace
50:03 Siege Ram
50:25 Siege Onager
§Y¶# Ä
2:14 Loom
11:26 Feudal Age
12:12 Double-Bit Axe
12:46 Horse Collar
17:22 Castle Age
15:45 Gold Mining
15:47 Stone Mining
19:22 Wheelbarrow
25:59 Bloodlines
25:49 Husbandry
26:59 Bow Saw
28:19 Heavy Plow
32:52 Imperial Age
31:38 Tuntian
32:19 Forging
32:18 Husbandry
32:35 Scale Mail Armor
32:42 Scale Barding Armor
33:45 Iron Casting
34:04 Conscription
35:41 Gold Shaft Mining
35:49 Ming Guang Armor
34:56 Elite Tiger Cavalry
36:14 Chain Barding Armor
38:11 Blast Furnace
43:12 Light Cavalry
47:57 Hussar
48:54 Heavy Hei Guang Cavalry
50:49 Stone Shaft Mining
50:30 Caravan
Chigüiro
6:37 Loom
11:25 Feudal Age
15:49 Castle Age
13:38 Double-Bit Axe
14:02 Horse Collar
24:15 Town Watch
26:15 Gold Mining
26:38 Bow Saw
27:49 Scale Barding Armor
30:42 Imperial Age
28:21 Town Patrol
28:57 Wheelbarrow
29:13 Chain Barding Armor
32:00 Chemistry
31:35 Padded Archer Armor
32:31 Wheelbarrow
32:11 Guilds
32:38 Leather Archer Armor
32:29 Squires
33:06 Bloodlines
33:00 Light Cavalry
33:41 Husbandry
34:20 Forging
34:21 Hussar
36:58 Plate Barding Armor
37:01 Kamandaran
36:52 Crossbowman
37:37 Thumb Ring
37:36 Fletching
38:57 Bodkin Arrow
39:52 Iron Casting
38:44 Heavy Camel Rider
43:50 Bodkin Arrow
45:04 Ring Archer Armor
46:00 Ballistics
46:59 Caravan
49:38 Hand Cart
52:08 Iron Casting
54:07 Stone Mining
56:12 Conscription
58:19 Blast Furnace
59:05 Two-Man Saw
季博恩JBOEN
6:51 Loom
11:21 Feudal Age
15:21 Castle Age
14:13 Double-Bit Axe
14:09 Horse Collar
22:26 Bow Saw
25:21 Wheelbarrow
25:13 Heavy Plow
26:56 Gold Mining
26:56 Stone Mining
27:28 Hand Cart
31:02 Imperial Age
29:33 Stone Shaft Mining
29:33 Gold Shaft Mining
28:59 Fletching
30:02 Padded Archer Armor
29:57 Bodkin Arrow
29:55 Guard Tower
30:26 Ballistics
31:24 Leather Archer Armor
31:19 Siege Engineers
32:49 Chemistry
32:27 Keep
31:37 Arrowslits
31:46 Town Watch
33:07 Thunderclap Bombs
33:29 Conscription
33:30 Scale Mail Armor
34:04 Bracer
33:40 Pikeman
35:01 Ring Archer Armor
35:18 Fortified Bastions
35:35 Masonry
35:47 Halberdier
36:27 Squires
37:55 Chain Mail Armor
37:50 Forging
38:56 Chemistry
37:41 Arrowslits
43:03 Architecture
43:10 Iron Casting
46:51 Capped Ram
48:37 Siege Ram
49:35 Treadmill Crane
49:51 Murder Holes
Jan Itor
6:51 Loom
12:08 Feudal Age
15:58 Castle Age
13:51 Double-Bit Axe
13:57 Horse Collar
17:03 Bow Saw
17:03 Heavy Plow
22:16 Wheelbarrow
24:04 Hand Cart
24:02 Gold Mining
29:39 Imperial Age
27:32 Scale Mail Armor
27:52 Squires
28:33 Chain Mail Armor
28:23 Town Watch
29:26 Forging
30:06 Gold Shaft Mining
29:30 Stone Mining
29:53 Masonry
30:43 Iron Casting
29:59 Arson
30:54 Plate Mail Armor
31:30 Conscription
31:55 Siege Engineers
33:05 Blast Furnace
32:54 Hoardings
32:17 Onager
32:38 Northmen's Fury
34:16 Stone Shaft Mining
33:36 Siege Onager
33:50 Pikeman
34:49 Halberdier
35:54 Caravan
38:31 Chemistry
37:09 Elite Varangian Guard
54:59 Scale Barding Armor
E@GLE
6:02 Loom
8:35 Feudal Age
9:09 Double-Bit Axe
9:38 Horse Collar
13:50 Forging
16:58 Wheelbarrow
18:06 Scale Barding Armor
21:00 Castle Age
19:20 Gold Mining
20:30 Bloodlines
21:03 Light Cavalry
22:05 Chain Barding Armor
22:14 Bow Saw
22:06 Heavy Plow
22:19 Husbandry
23:25 Iron Casting
25:51 Stone Mining
30:05 Hand Cart
31:26 Caravan
34:22 Imperial Age
33:29 Gold Shaft Mining
33:30 Stone Shaft Mining
33:45 Ballistics
36:05 Chemistry
35:32 Conscription
36:25 Double Crossbow
36:55 Elite Ballista Elephant
38:33 Plate Barding Armor
38:37 Siege Engineers
40:14 Blast Furnace
42:48 Fletching
43:10 Masonry
43:22 Capped Ram
44:19 Siege Ram
49:00 Bodkin Arrow
51:02 Architecture
50:27 Murder Holes
Connection lost

Rejoining the realm…

Still unreachable

The connection could not be restored.

Session expired

The server has moved on; the page needs a fresh start.